| TOP OF THE 1ST |
|
Vermont Lake Monsters batting - Pitching for Hudson Valley Renegades : RHP Yang Meng
|
|
Pitching: RHP Yang Meng
|
|
|
Batting: RHB Ricardo Mariscal
|
0-0: Called Strike 0-1: Hit by Pitch
|
|
Batting: RHB Carlos Martinez
|
0-0: Ball 1-0: Called Strike 1-1: Ball 2-1: Ball 3-1: Called Strike 3-2: Base on Balls Ricardo Mariscal to second
|
|
Batting: LHB Henry Hutson
|
0-0: Ball 1-0: Ball 2-0: Called Strike 2-1: Called Strike 2-2: Strikes out swinging
|
|
Batting: LHB Jose Zamarripa
|
0-0: Called Strike 0-1: Called Strike 0-2: Ball 1-2: Strikes out swinging
|
|
Batting: LHB Youp van Erp
|
0-0: Called Strike 0-1: Ground out U3 (Groundball, 34, EV 86.2 MPH)
|
| Top of the 1st over - 0 runs, 0 hits, 0 errors, 2 left on base; Vermont 0 - Hudson Valley 0 |
| BOTTOM OF THE 1ST |
|
Hudson Valley Renegades batting - Pitching for Vermont Lake Monsters : RHP Aaron Vallejo
|
|
Pitching: RHP Aaron Vallejo
|
|
|
Batting: LHB Dan Hunt
|
0-0: Called Strike 0-1: SINGLE (Groundball, 4MS, EV 71.9 MPH) (infield hit)
|
|
Batting: RHB Jesse Haddad
|
0-0: Ball 1-0: Called Strike 1-1: Ball Dan Hunt steals 2nd base 2-1: Ball 3-1: Foul Ball, location: 2F 3-2: Ground out 6-3 (Groundball, 6, EV 81.2 MPH) Dan Hunt to third
|
|
Batting: RHB Azedine Kirui
|
0-0: TRIPLE (Flyball, 9D, EV 101.2 MPH) Dan Hunt scores
|
|
Batting: SHB Suljo Dokic
|
0-0: Called Strike 0-1: Foul Ball, location: 2F 0-2: Strikes out looking
|
|
Batting: RHB Freddy Mullen
|
0-0: Ground out 2-3 (Groundball, 15S, EV 71.9 MPH)
|
| Bottom of the 1st over - 1 run, 2 hits, 0 errors, 1 left on base; Vermont 0 - Hudson Valley 1 |
| TOP OF THE 2ND |
|
Vermont Lake Monsters batting - Pitching for Hudson Valley Renegades : RHP Yang Meng
|
|
Batting: RHB Lu Tieh
|
0-0: Swinging Strike 0-1: Ball 1-1: Foul Ball, location: 2F 1-2: Foul Ball, location: 2F 1-2: Foul Ball, location: 2F 1-2: Strikes out swinging
|
|
Batting: RHB Yasuzo Rin
|
0-0: Foul Ball, location: 2F 0-1: Ground out 5-3 (Groundball, 5, EV 88.8 MPH)
|
|
Batting: LHB Mario Cardona
|
0-0: Ball 1-0: Foul Ball, location: 2F 1-1: Ball 2-1: Ground out 1-3 (Groundball, 34S, EV 72.5 MPH)
|
| Top of the 2nd over - 0 runs, 0 hits, 0 errors, 0 left on base; Vermont 0 - Hudson Valley 1 |
| BOTTOM OF THE 2ND |
|
Hudson Valley Renegades batting - Pitching for Vermont Lake Monsters : RHP Aaron Vallejo
|
|
Batting: LHB Killian Chaumont
|
0-0: Called Strike 0-1: Ball 1-1: Ball 2-1: Ball 3-1: Base on Balls
|
|
Batting: RHB Khalil Walker
|
0-0: SINGLE (Groundball, 56D, EV 102.5 MPH) Killian Chaumont to second
|
|
Batting: SHB Josif Popovski
|
0-0: Called Strike 0-1: Ball 1-1: Called Strike 1-2: Strikes out swinging
|
|
Batting: RHB Chris Glavin
|
0-0: Foul Ball, location: 2F 0-1: Called Strike Killian Chaumont steals 3rd base Khalil Walker to second 0-2: Foul Ball, location: 2F 0-2: Ball 1-2: Ball 2-2: Foul Ball, location: 2F 2-2: Foul Ball, location: 2F 2-2: Fly out, F7 (Line Drive, 7, EV 98.8 MPH)
|
|
Batting: LHB Dan Hunt
|
0-0: Ground out 4-3 (Groundball, 4, EV 83.1 MPH)
|
| Bottom of the 2nd over - 0 runs, 1 hit, 0 errors, 2 left on base; Vermont 0 - Hudson Valley 1 |
| TOP OF THE 3RD |
|
Vermont Lake Monsters batting - Pitching for Hudson Valley Renegades : RHP Yang Meng
|
|
Batting: RHB Oscar Avila
|
0-0: Called Strike 0-1: Ball 1-1: Ball 2-1: Fly out, F6 (Flyball, 56D, EV 89.4 MPH)
|
|
Batting: RHB Ricardo Mariscal
|
0-0: Called Strike 0-1: Ball 1-1: Ball 2-1: Foul Ball, location: 2F 2-2: Foul Ball, location: 2F 2-2: Ball 3-2: Fly out, F9 (Flyball, 9S, EV 86.9 MPH)
|
|
Batting: RHB Carlos Martinez
|
0-0: Ball 1-0: Called Strike 1-1: Swinging Strike 1-2: Foul Ball, location: 2F 1-2: Foul Ball, location: 2F 1-2: Ball 2-2: Strikes out swinging
|
| Top of the 3rd over - 0 runs, 0 hits, 0 errors, 0 left on base; Vermont 0 - Hudson Valley 1 |
| BOTTOM OF THE 3RD |
|
Hudson Valley Renegades batting - Pitching for Vermont Lake Monsters : RHP Aaron Vallejo
|
|
Batting: RHB Jesse Haddad
|
0-0: Ball 1-0: Called Strike 1-1: Swinging Strike 1-2: Ball 2-2: Foul Ball, location: 2F 2-2: Strikes out looking
|
|
Batting: RHB Azedine Kirui
|
0-0: Ball 1-0: Ground out U3 (Groundball, 23, EV 84.4 MPH)
|
|
Batting: SHB Suljo Dokic
|
0-0: SOLO HOME RUN (Flyball, 7D, EV 98.1 MPH), Distance : 391 ft
|
|
Batting: RHB Freddy Mullen
|
0-0: Called Strike 0-1: Fly out, F3 (Popup, 34, EV 65.6 MPH)
|
| Bottom of the 3rd over - 1 run, 1 hit, 0 errors, 0 left on base; Vermont 0 - Hudson Valley 2 |
| TOP OF THE 4TH |
|
Vermont Lake Monsters batting - Pitching for Hudson Valley Renegades : RHP Yang Meng
|
|
Batting: LHB Henry Hutson
|
0-0: Fly out, F8 (Flyball, 8LS, EV 91.2 MPH)
|
|
Batting: LHB Jose Zamarripa
|
0-0: Ball 1-0: Called Strike 1-1: Foul Ball, location: 2F 1-2: Ball 2-2: Ball 3-2: Foul Ball, location: 2F 3-2: Fly out, F9 (Flyball, 9D, EV 96.9 MPH)
|
|
Batting: LHB Youp van Erp
|
0-0: Swinging Strike 0-1: Called Strike 0-2: Ground out 1-3 (Groundball, 34S, EV 70.0 MPH)
|
| Top of the 4th over - 0 runs, 0 hits, 0 errors, 0 left on base; Vermont 0 - Hudson Valley 2 |
| BOTTOM OF THE 4TH |
|
Hudson Valley Renegades batting - Pitching for Vermont Lake Monsters : RHP Aaron Vallejo
|
|
Batting: LHB Killian Chaumont
|
0-0: Swinging Strike 0-1: Foul Ball, location: 2F 0-2: Ball 1-2: Ball 2-2: Ground out 4-3 (Groundball, 4, EV 101.9 MPH)
|
|
Batting: RHB Khalil Walker
|
0-0: Foul Ball, location: 2F 0-1: Ball 1-1: Ball 2-1: SINGLE (Groundball, 6MD, EV 104.4 MPH)
|
|
Pitching: RHP Matt Constantino
|
|
|
Batting: SHB Josif Popovski
|
0-0: Ball 1-0: Called Strike 1-1: Ball 2-1: Ball 3-1: Base on Balls Khalil Walker to second
|
|
Batting: RHB Chris Glavin
|
0-0: Called Strike 0-1: Ball 1-1: Foul Ball, location: 2F 1-2: Strikes out looking
|
|
Batting: LHB Dan Hunt
|
0-0: Called Strike 0-1: Foul Ball, location: 2F 0-2: Ground out 6-3 (Groundball, 6S, EV 81.2 MPH)
|
| Bottom of the 4th over - 0 runs, 1 hit, 0 errors, 2 left on base; Vermont 0 - Hudson Valley 2 |
| TOP OF THE 5TH |
|
Vermont Lake Monsters batting - Pitching for Hudson Valley Renegades : RHP Yang Meng
|
|
Batting: RHB Lu Tieh
|
0-0: Ground out 5-3 (Groundball, 5S, EV 84.4 MPH)
|
|
Batting: RHB Yasuzo Rin
|
0-0: Foul Ball, location: 2F 0-1: Ground out 1-3 (Groundball, 13S, EV 66.2 MPH)
|
|
Batting: LHB Mario Cardona
|
0-0: Called Strike 0-1: Called Strike 0-2: Strikes out swinging
|
| Top of the 5th over - 0 runs, 0 hits, 0 errors, 0 left on base; Vermont 0 - Hudson Valley 2 |
| BOTTOM OF THE 5TH |
|
Hudson Valley Renegades batting - Pitching for Vermont Lake Monsters : RHP Matt Constantino
|
|
Batting: RHB Jesse Haddad
|
0-0: SINGLE (Groundball, 34D, EV 100.0 MPH)
|
|
Batting: RHB Azedine Kirui
|
0-0: Ball 1-0: Foul Ball, location: 2F 1-1: SINGLE (Line Drive, 56, EV 101.2 MPH) Jesse Haddad to second
|
|
Batting: SHB Suljo Dokic
|
0-0: Called Strike 0-1: Ball 1-1: Foul Ball, location: 2F 1-2: Strikes out swinging
|
|
Batting: RHB Freddy Mullen
|
0-0: Called Strike 0-1: SINGLE (Line Drive, 56, EV 101.9 MPH) Jesse Haddad to third Azedine Kirui to second
|
|
Batting: LHB Killian Chaumont
|
0-0: Ball 1-0: Called Strike 1-1: Ball 2-1: Foul Ball, location: 2F 2-2: SINGLE (Groundball, 3, EV 110.6 MPH) (infield hit) Jesse Haddad scores Azedine Kirui to third Freddy Mullen to second
|
|
Batting: RHB Khalil Walker
|
0-0: Grounds into fielders choice 6-2 (Groundball, 6, EV 76.2 MPH) Freddy Mullen to third Killian Chaumont to second
|
|
Batting: SHB Josif Popovski
|
0-0: Called Strike 0-1: Ball 1-1: Ball 2-1: Swinging Strike 2-2: Foul Ball, location: 2F 2-2: Ball 3-2: Strikes out swinging
|
| Bottom of the 5th over - 1 run, 4 hits, 0 errors, 3 left on base; Vermont 0 - Hudson Valley 3 |
| TOP OF THE 6TH |
|
Vermont Lake Monsters batting - Pitching for Hudson Valley Renegades : RHP Yang Meng
|
|
Batting: RHB Oscar Avila
|
0-0: SINGLE (Line Drive, 4D, EV 106.2 MPH)
|
|
Batting: RHB Ricardo Mariscal
|
0-0: Fly out, F7 (Line Drive, 7, EV 103.8 MPH)
|
|
Batting: RHB Carlos Martinez
|
0-0: Called Strike 0-1: Foul Ball, location: 2F 0-2: Foul Ball, location: 2F 0-2: Strikes out swinging
|
|
Batting: LHB Henry Hutson
|
0-0: Ball 1-0: Called Strike 1-1: Called Strike 1-2: Strikes out swinging
|
| Top of the 6th over - 0 runs, 1 hit, 0 errors, 1 left on base; Vermont 0 - Hudson Valley 3 |
| BOTTOM OF THE 6TH |
|
Hudson Valley Renegades batting - Pitching for Vermont Lake Monsters : RHP Matt Constantino
|
|
Batting: RHB Chris Glavin
|
0-0: Ball 1-0: Foul Ball, location: 2F 1-1: Ball 2-1: Ground out 5-3 (Groundball, 56S, EV 91.2 MPH)
|
|
Batting: LHB Dan Hunt
|
0-0: TRIPLE (Flyball, 78XD, EV 90.6 MPH)
|
|
Batting: RHB Jesse Haddad
|
0-0: Called Strike 0-1: Ball 1-1: SINGLE (Groundball, 56D, EV 103.8 MPH) Dan Hunt scores
|
|
Batting: RHB Azedine Kirui
|
0-0: Ball 1-0: Ball Jesse Haddad is caught stealing 2nd base 2-4 2-0: Ball 3-0: Called Strike 3-1: Fly out, F9 (Line Drive, 9S, EV 90.6 MPH)
|
| Bottom of the 6th over - 1 run, 2 hits, 0 errors, 0 left on base; Vermont 0 - Hudson Valley 4 |
| TOP OF THE 7TH |
|
Vermont Lake Monsters batting - Pitching for Hudson Valley Renegades : RHP Yang Meng
|
|
Batting: LHB Jose Zamarripa
|
0-0: Ball 1-0: Foul Ball, location: 2F 1-1: Ball 2-1: Foul Ball, location: 2F 2-2: Strikes out swinging
|
|
Batting: LHB Youp van Erp
|
0-0: Ground out U3 (Groundball, 34S, EV 91.9 MPH)
|
|
Batting: RHB Lu Tieh
|
0-0: Ball 1-0: Foul Ball, location: 2F 1-1: Foul Ball, location: 2F 1-2: Ground out 6-3 (Groundball, 6S, EV 70.6 MPH)
|
| Top of the 7th over - 0 runs, 0 hits, 0 errors, 0 left on base; Vermont 0 - Hudson Valley 4 |
| BOTTOM OF THE 7TH |
|
Hudson Valley Renegades batting - Pitching for Vermont Lake Monsters : RHP Matt Constantino
|
|
Pitching: LHP David Hoch
|
|
|
Batting: SHB Suljo Dokic
|
0-0: Foul Ball, location: 2F 0-1: Swinging Strike 0-2: Strikes out looking
|
|
Batting: RHB Freddy Mullen
|
0-0: Ball 1-0: Ball 2-0: SINGLE (Groundball, 6MD, EV 103.1 MPH)
|
|
Batting: LHB Killian Chaumont
|
0-0: Ball 1-0: Ball 2-0: Foul Ball, location: 2F 2-1: Foul Ball, location: 2F 2-2: Hit by Pitch Freddy Mullen to second
|
|
Batting: RHB Khalil Walker
|
0-0: Called Strike 0-1: Foul Ball, location: 2F 0-2: Strikes out looking
|
|
Batting: SHB Josif Popovski
|
0-0: Swinging Strike 0-1: Foul Ball, location: 2F 0-2: Ball 1-2: Ground out 4-3 (Groundball, 4, EV 103.8 MPH)
|
| Bottom of the 7th over - 0 runs, 1 hit, 0 errors, 2 left on base; Vermont 0 - Hudson Valley 4 |
| TOP OF THE 8TH |
|
Vermont Lake Monsters batting - Pitching for Hudson Valley Renegades : RHP Yang Meng
|
|
Pitching: RHP Chris Marino
|
|
|
Batting: RHB Yasuzo Rin
|
0-0: Called Strike 0-1: Ball 1-1: Ball 2-1: Swinging Strike 2-2: Ground out 5-3 (Groundball, 56, EV 90.0 MPH)
|
|
Batting: LHB Mario Cardona
|
0-0: Ground out 6-3 (Groundball, 56, EV 86.9 MPH)
|
|
Batting: RHB Oscar Avila
|
0-0: Called Strike 0-1: Ball 1-1: Ball 2-1: SINGLE (Groundball, 6MD, EV 98.1 MPH)
|
|
Batting: RHB Ricardo Mariscal
|
0-0: Called Strike 0-1: Called Strike 0-2: Foul Ball, location: 2F 0-2: Ball 1-2: Ball 2-2: Strikes out swinging
|
| Top of the 8th over - 0 runs, 1 hit, 0 errors, 1 left on base; Vermont 0 - Hudson Valley 4 |
| BOTTOM OF THE 8TH |
|
Hudson Valley Renegades batting - Pitching for Vermont Lake Monsters : LHP David Hoch
|
|
Batting: RHB Chris Glavin
|
0-0: Called Strike 0-1: Called Strike 0-2: Ball 1-2: Ball 2-2: Foul Ball, location: 2F 2-2: Foul Ball, location: 2F 2-2: Foul Ball, location: 2F 2-2: Ball 3-2: Base on Balls
|
|
Batting: LHB Dan Hunt
|
0-0: Called Strike 0-1: Called Strike Chris Glavin steals 2nd base 0-2: Ball 1-2: Ball 2-2: Ball 3-2: Strikes out swinging
|
|
Batting: RHB Jesse Haddad
|
0-0: Ball 1-0: Called Strike 1-1: Called Strike 1-2: Foul Ball, location: 2F 1-2: Ball 2-2: Ball 3-2: Ground out 5-3 (Groundball, 5, EV 90.0 MPH)
|
|
Pitching: RHP David Mejia
|
|
|
Batting: RHB Azedine Kirui
|
0-0: Called Strike 0-1: Foul Ball, location: 2F 0-2: SINGLE (Flyball, 8RS, EV 86.9 MPH) Chris Glavin to third Runner from 3rd tries for Home, SAFE, throw by CF to home
|
|
Batting: SHB Suljo Dokic
|
0-0: Swinging Strike 0-1: Ball 1-1: Ball 2-1: Ball 3-1: Called Strike 3-2: Strikes out swinging
|
| Bottom of the 8th over - 1 run, 1 hit, 0 errors, 1 left on base; Vermont 0 - Hudson Valley 5 |
| TOP OF THE 9TH |
|
Vermont Lake Monsters batting - Pitching for Hudson Valley Renegades : RHP Chris Marino
|
|
Batting: RHB Carlos Martinez
|
0-0: Ball 1-0: Ball 2-0: Called Strike 2-1: Ball 3-1: Called Strike 3-2: Strikes out swinging
|
|
Batting: LHB Henry Hutson
|
0-0: Ball 1-0: Called Strike 1-1: Foul Ball, location: 2F 1-2: Strikes out swinging
|
|
Batting: LHB Jose Zamarripa
|
0-0: Called Strike 0-1: Ground out 6-3 (Groundball, 6, EV 90.6 MPH)
|
| Top of the 9th over - 0 runs, 0 hits, 0 errors, 0 left on base; Vermont 0 - Hudson Valley 5 |
|